 Dungeon Crawl Stone Soup version 0.26-a0-228-g29f007ebfe (webtiles) character file.

Game seed: 14828574109235053230

63 Flugkiller the Digger (level 3, 0/26 HPs)
             Began as a Draconian Earth Elementalist on July 7, 2020.
             Slain by a phantom (10 damage)
             ... on level 4 of the Dungeon.
             The game lasted 00:06:58 (518 turns).

Flugkiller the Digger (Draconian Earth Elementalist) Turns: 518, Time: 00:06:59

Health: 0/26       AC:  5    Str: 12    XL:     3   Next: 89%
Magic:  0/7        EV: 12    Int: 16    God:
Gold:   33         SH:  0    Dex: 11    Spells: 4/7 levels left

rFire    . . .     SeeInvis .   d - +0 short sword
rCold    . . .     Faith    .   (no shield)
rNeg     . . .     Spirit   .   (armour unavailable)
rPois    .         Reflect  .   (helmet restricted)
rElec    .         Harm     .   (no cloak)
rCorr    .                      (no gloves)
MR       .....                  (no boots)
Stlth    ++........             (no amulet)
HPRegen  0.08/turn              (no ring)
MPRegen  0.10/turn              (no ring)

@: no status effects
A: unfitting armour, horns 1, strong 1, wild magic 1, evolution 1, cold-blooded,
AC +5
a: no special abilities


You were on level 4 of the Dungeon.
You were not hungry.

You visited 1 branch of the dungeon, and saw 4 of its levels.

You collected 33 gold pieces.

Inventory:

Hand Weapons
 d - a +0 short sword (weapon)
   (You took it off a kobold on level 1 of the Dungeon)
Missiles
 b - 29 stones (quivered)
Scrolls
 e - a scroll of enchant armour
 f - a scroll of fog
 g - a scroll of remove curse {unknown}
 h - 2 scrolls of blinking
Potions
 a - a potion of brilliance {unknown}
Comestibles
 c - 5 rations


   Skills:
 - Level 1.7 Dodging
 - Level 1.7 Stealth
 + Level 2.7 Spellcasting
 - Level 1.0 Transmutations
 * Level 4.3 Earth Magic


You had 4 spell levels left.
You knew the following spells:

 Your Spells              Type           Power        Failure   Level
a - Sandblast             Erth           ###...       5%          1
b - Passwall              Tmut/Erth      ##......     14%         2

Your spell library contained the following spells:

 Spells                   Type           Power        Failure   Level
 Stone Arrow              Conj/Erth      ##....       32%         3
 Petrify                  Tmut/Erth      ##......     63%         4
 Lee's Rapid Deconstruct  Erth           ###.......   73%         5


Dungeon Overview and Level Annotations

Branches:
Dungeon (4/15)
 Temple: D:4-7

Altars:
Qazlal
Trog
Yredelemnul
The Shining One


Innate Abilities, Weirdness & Mutations

Your plain brown scales are hard. (AC +5)
You cannot fit into any form of body armour.
You are cold-blooded and may be slowed by cold attacks.
You have a pair of small horns on your head.
Your muscles are strong. (Str +2)
Your spells are a little harder to cast, but a little more powerful.
You evolve.


Message History

Unknown command.
Unknown command.
Unknown command.
The phantom blinks!
Your magical contamination has completely faded away.
Found a rapier.
You see here a rapier.
Found 11 poisoned darts.
You open the door.
There is an open door here.
A worm comes into view.
There is an open door here.
Casting: Sandblast (safe; 5% risk of failure)
Confirm with . or Enter, or press ? or * to list all spells.
Aiming: Sandblast (safe; 5% risk of failure)
Press: ? - help, Shift-Dir - straight line, f - worm
Aim: a worm The blast of sand hits the worm!
The worm is heavily wounded.
b - 32 stones
Casting: Sandblast (safe; 5% risk of failure)
Confirm with . or Enter, or press ? or * to list all spells.
Aiming: Sandblast (safe; 5% risk of failure)
Press: ? - help, Shift-Dir - straight line, f/p - worm
Aim: a worm (moderately wounded)
The blast of sand hits the worm!
The worm is almost dead.
b - 31 stones Unknown command.
The phantom blinks!
Casting: Sandblast (safe; 5% risk of failure)
Confirm with . or Enter, or press ? or * to list all spells.
Aiming: Sandblast (safe; 5% risk of failure)
Press: ? - help, Shift-Dir - straight line, f/p - worm
Aim: a worm (almost dead)
The blast of sand hits the worm!
You kill the worm!
b - 30 stones The phantom hits you but does no damage.
Unknown command.
Casting: Sandblast (safe; 5% risk of failure)
Confirm with . or Enter, or press ? or * to list all spells.
Aiming: Sandblast (safe; 5% risk of failure)
Press: ? - help, Shift-Dir - straight line, f - phantom
Aim: a phantom (heavily damaged)
The blast of sand hits the phantom.
The phantom is severely damaged.
b - 29 stones The phantom hits you!
You die...

..# ##.# #.#
## _.. # #.#
..# ... # #.#
##...#
...####.###.#
###...#
#...........#
#...# #.
####.##..#
#.### #..#
#..###'#.#.(#
#....#.#W.#
##.#)..@#
#.###..# #.#
#### ..# ###


You could see a phantom.

Vanquished Creatures
  A worker ant (D:4)
  An adder (D:2)
  2 worms
  2 dart slugs (D:2)
  2 bats
  A giant cockroach (D:2)
  4 hobgoblins
  A ball python (D:2)
  A ball python skeleton (D:4)
  A frilled lizard (D:3)
  3 goblins
  3 kobolds
  3 rats
25 creatures vanquished.

Notes
Turn   | Place    | Note
-------+----------+-------------------------------------------
     0 | D:1      | Flugkiller the Draconian Earth Elementalist began the quest
                  | for the Orb.
     0 | D:1      | Reached XP level 1. HP: 14/14 MP: 3/3
   126 | D:2      | Reached XP level 2. HP: 10/20 MP: 1/5
   182 | D:2      | Gained mutation: Your spells are a little harder to cast,
                  | but a little more powerful. [potion of mutation]
   182 | D:2      | Gained mutation: You evolve. [potion of mutation]
   182 | D:2      | Gained mutation: Your muscles are strong. (Str +2) [potion
                  | of mutation]
   182 | D:2      | Gained mutation: You have a pair of small horns on your
                  | head. [potion of mutation]
   196 | D:2      | Learned a level 2 spell: Passwall
   204 | D:3      | Found a stormy altar of Qazlal.
   204 | D:3      | Noticed a fire elemental
   244 | D:3      | Noticed an air elemental
   280 | D:3      | Reached XP level 3. HP: 6/26 MP: 3/6
   444 | D:4      | Found a bloodstained altar of Trog.
   444 | D:4      | Found a basalt altar of Yredelemnul.
   444 | D:4      | Found a glowing golden altar of the Shining One.
   446 | D:4      | Reached skill level 4 in Earth Magic
   470 | D:4      | Noticed a phantom
   518 | D:4      | Slain by a phantom

Illustrated notes

Levels and vault maps discovered:
D:1:      lemuel_arrival_cross, layout_basic
D:2:      layout_loops_ring, led_sif_pool, st_stairs_7, minmay_tree_intersection
D:3:      layout_loops_ring, nicolae_qazlal_style_of_elements, xom_redecorated
D:4:      minmay_razor_zed, layout_loops_ring, nicolae_ru_sacrificial_ziggurat,
          chequers_temple_overflow_statue_of_worship, serial_shops,
          nicolae_shop_waterfront, nicolae_shop_window_shopping,
          eino_tiny_chamber, uniq_robin

Skill      XL: |  1  2  3 |
---------------+----------+-----
Earth Magic    | 4 |  4.3
Dodging        | |  1.7
Stealth        | |  1.7
Spellcasting   | |  2.7
Transmutations | |  1.0

Action                   || total
-------------------------++-------
Melee: Short sword       ||    21
       Headbutt          ||     4
       Tailslap          ||     1
 Cast: Sandblast         ||    35
  Use: Scroll            ||     3
       Potion            ||     2
 Stab: Sleeping          ||     1
Armor: Skin              ||    10
Dodge: Dodged            ||    32

Table legend:
 A = Non-vault XP
 B = Vault XP
 C = Vault XP percentage of total XP
 D = Non-vault monster count
 E = Vault monster count
 F = Vault count percentage of total count
                 A         B        C        D         E       F
            +---------+---------+-------+---------+---------+-------
      Total |      87 |       4 |   4.4 |      22 |       3 |  12.0
            +---------+---------+-------+---------+---------+-------
        D:1 |       2 |       0 |   0.0 |       2 |       0 |   0.0
        D:2 |      35 |       0 |   0.0 |      12 |       0 |   0.0
        D:3 |      11 |       4 |  26.7 |       5 |       3 |  37.5
        D:4 |      39 |       0 |   0.0 |       3 |       0 |   0.0
            +---------+---------+-------+---------+---------+-------
